 Dungeon Crawl Stone Soup version 0.17-a0-2208-ge5ab1d3 (webtiles) character file.

135 tp1 the Magician (level 4, 0/24 HPs)
             Began as a Deep Elf Summoner on Oct 26, 2015.
             Slain by a worker ant (1 damage)
             ... on level 4 of the Dungeon.
             The game lasted 00:26:03 (4153 turns).

tp1 the Magician (Deep Elf Summoner)                Turns: 4153, Time: 00:26:06

Health: 0/24       AC:  3    Str:  5    XL:     4   Next: 96%
Magic:  2/13       EV: 13    Int: 21    God:
Gold:   191        SH:  0    Dex: 15    Spells: 5 memorised, 0 levels left

rFire  . . .     SeeInvis .     e - +2 dagger (venom)
rCold  . . .     Clarity  .     a - +0 robe
rNeg   . . .     SustAt   .     (no shield)
rPois  .         Gourm    .     (no helmet)
rElec  .         Spirit   .     (no cloak)
rCorr  .         Warding  .     n - +0 pair of gloves
rMut   .         Stasis   .     (no boots)
MR     .....                    (no amulet)
Stlth  ++........               (no ring)
                                (no ring)

@: very slightly contaminated, not resistant to hostile enchantments, unstealthy
A: no striking features
a: no special abilities


You were on level 4 of the Dungeon.
You were hungry.

You visited 1 branch of the dungeon, and saw 4 of its levels.

You collected 191 gold pieces.

Inventory:

Hand Weapons
 e - a +2 dagger of venom (weapon)
Armour
 a - a +0 robe (worn)
 n - a +0 pair of gloves (worn)
Jewellery
 d - a +2 ring of dexterity {unknown}
Scrolls
 g - 4 scrolls of remove curse {unknown}
 i - a scroll of amnesia {unknown}
 k - 4 scrolls of identify {unknown}
 o - a scroll of fear {unknown}
 p - a scroll of recharging {unknown}
 q - a scroll of immolation {unknown}
 u - a scroll of enchant weapon {unknown}
Potions
 f - a potion of lignification {unknown}
 h - 3 potions of curing {unknown}
 j - a potion of heal wounds
 m - a potion of might {unknown}
 s - a potion of haste
Books
 b - a book of Callings

   Spells                             Type                      Level
   a - Summon Small Mammal            Summoning                    1
   b - Call Imp                       Summoning                    2
   c - Call Canine Familiar           Summoning                    3
   d - Summon Guardian Golem          Hexes/Summoning              3
   e - Summon Lightning Spire         Summoning/Air                4
   f - Summon Ice Beast               Ice/Summoning                4
Comestibles
 c - 6 bread rations
 l - 2 meat rations
 r - a beef jerky
 t - 14 chunks of flesh


   Skills:
 - Level 2.4 Dodging
 - Level 2.4 Stealth
 - Level 5.1 Spellcasting
 - Level 5.0 Summonings
 + Level 2.6 Air Magic


You couldn't memorise any spells.
You knew the following spells:

 Your Spells              Type           Power        Failure   Level  Hunger
a - Summon Small Mammal   Summ           ####         1%          1    None
b - Call Imp              Summ           ####....     1%          2    None
c - Call Canine Familiar  Summ           ####....     4%          3    ##.....
d - Summon Guardian Gole  Hex/Summ       ###.....     14%         3    ##.....
e - Summon Lightning Spi  Summ/Air       ###.....     24%         4    ####...


Dungeon Overview and Level Annotations

Branches:
Dungeon (4/15)
 Temple: D:4-7

Altars:
Ashenzari
Qazlal
Ru


Message History

Your rat bites the worker ant.
Your rat bites the worker ant but does no damage.
The worker ant closely misses you.
Your rat closely misses the worker ant.
The ogre hits you with a giant club! The worker ant bites you.
Your rat misses the worker ant.
Your rat bites the worker ant but does no damage.
The worker ant misses your rat.
Your rat bites the worker ant but does no damage.
You swap places.
Your rat barely misses the worker ant.
The worker ant closely misses you. The ogre hits you with a giant club.
* * * LOW HITPOINT WARNING * * *
You swap places.
The worker ant bites you.
* * * LOW HITPOINT WARNING * * *
Your rat bites the worker ant but does no damage.
The ogre hits your rat with a giant club!
Your rat dies!
Your rat's corpse disappears in a puff of smoke!
The worker ant bites you.
You die...

##..........
##...........
#..#.........
##.##.).......
####..#..).......
##......)....)....
#.....##(.........
#arO.###.....)....
#@ยง..#
#.....>.... #....#
##......... #....#
##......## #....#
######## #....#
#....# ##..## ####


You could see an ogre, a worker ant and a friendly rat.

Vanquished Creatures
  A giant gecko (D:4)
  3 orcs
  A giant cockroach (D:3)
  A hobgoblin (D:3)
  3 bats
  A giant newt (D:3)
  6 rats
16 creatures vanquished.

Vanquished Creatures (collateral kills)
  An orc priest (D:4)
  A worker ant (D:1)
  7 adders
  3 worms
  4 giant geckos
  4 orcs
  7 bats
  8 hobgoblins
  9 kobolds
  A quokka (D:3)
  2 giant cockroaches
  8 giant newts
  15 goblins
  7 rats
77 creatures vanquished.

Grand Total: 93 creatures vanquished

Notes
Turn   | Place    | Note
--------------------------------------------------------------
     0 | D:1      | tp1 the Deep Elf Summoner began the quest for the Orb.
     0 | D:1      | Reached XP level 1. HP: 10/10 MP: 6/6
   623 | D:1      | Reached XP level 2. HP: 15/15 MP: 4/8
   627 | D:1      | Learned a level 2 spell: Call Imp
  1106 | D:1      | Reached XP level 3. HP: 19/19 MP: 4/11
  1148 | D:1      | Reached skill level 5 in Spellcasting
  1270 | D:1      | Learned a level 3 spell: Call Canine Familiar
  2147 | D:2      | Found a stormy altar of Qazlal.
  2529 | D:2      | Reached skill level 5 in Summonings
  2640 | D:2      | Found a shattered altar of Ashenzari.
  2712 | D:2      | Reached XP level 4. HP: 24/24 MP: 10/13
  2717 | D:2      | Learned a level 3 spell: Summon Guardian Golem
  2722 | D:2      | Learned a level 4 spell: Summon Lightning Spire
  3223 | D:3      | Reached skill level 1 in Air Magic
  3274 | D:3      | Found a sacrificial altar of Ru.
  4118 | D:4      | Noticed an ogre
  4153 | D:4      | HP: 1/24 [worker ant (6)]
  4153 | D:4      | Slain by a worker ant

Vault maps used:
D:1:      dpeg_arrival_prison, kennysheep_doodads, st_stairs_2,
          interstate_on_off, hangedman_glass_teeth
D:2:      kennysheep_the_goblin_king, nicolae_overflow_hidden_temple,
          grunt_qazlal_clouds
D:3:      serial_aquarium, aquarium_bridge_straight, aquarium_window_fake,
          aquarium_window_fake, aquarium_window_corridor_1,
          aquarium_window_corner, aquarium_view_2e, first_bread,
          nicolae_ru_awakened_eye

Action                   |  1- 3 |  4- 6 || total
-------------------------+-------+-------++-------
Melee: Unarmed           |     1 |       ||     1
       Dagger            |     3 |    26 ||    29
 Cast: Summon Small Mamm |    31 |     3 ||    34
       Call Imp          |    43 |     3 ||    46
       Call Canine Famil |     9 |    12 ||    21
       Summon Guardian G |       |     6 ||     6
       Summon Lightning  |       |     3 ||     3
  Use: Potion            |     3 |       ||     3
 Stab: Sleeping          |     2 |     3 ||     5
       Distracted        |       |     1 ||     1
  Eat: Chunk             |     5 |     5 ||    10
       Beef jerky        |     1 |       ||     1
